General information
- name: BNet
- type: Ladder team game (AT/RT)
- host: Battle.net
- saver: CAPTAINPLANET.
map: TwilightRuins
- players: 8
- length: 50:22
- speed: Fast
- version: 1.27 W3XP
- replay type: Public
» download(310 KB)
Players
team 1 (loser)

»
ahah (
purple | 35 APM | 962 actions | 27:52)
2 Blood Mage
1 Flame Strike
1 Siphon Mana
» actions
| Assign group hotkey | 14 | |
| Basic commands | 15 | |
| Build / train | 54 | |
| ESC pressed | 2 | |
| Enter build submenu | 43 | |
| Enter hero's abilities submenu | 2 | |
| Right click | 366 | |
| Select / deselect | 274 | |
| Select group hotkey | 131 | |
| Use ability | 61 | |
962 total
» units
| Peasant | 30 | |
| Goblin Shredder | 2 | |
32 total
» upgrades
» buildings
| Altar of Kings | 3 | |
| Lumber Mill | 3 | |
| Farm | 7 | |
| Scout Tower | 18 | |
| Arcane Vault | 1 | |
| Arcane Tower | 2 | |
| Guard Tower | 10 | |
| Keep | 1 | |
| Town Hall | 4 | |
| Blacksmith | 1 | |
| Castle | 1 | |
| Workshop | 3 | |
54 total
» build order
00:04 Altar of Kings
00:09 Lumber Mill
00:12 Farm
00:33 Altar of Kings
00:51 Farm
01:31 Scout Tower
01:40 Farm
01:50 Arcane Vault
01:58 Arcane Tower
01:59 Arcane Tower
02:32 Scout Tower
02:58 Scout Tower
03:19 Guard Tower
03:28 Guard Tower
04:53 Keep
05:43 Scout Tower
05:44 Scout Tower
05:45 Scout Tower
05:49 Scout Tower
05:51 Town Hall
05:55 Town Hall
05:58 Scout Tower
06:04 Town Hall
06:11 Guard Tower
06:13 Guard Tower
06:21 Guard Tower
06:26 Guard Tower
06:26 Guard Tower
06:50 Blacksmith
07:03 Scout Tower
07:26 Castle
07:51 Guard Tower
07:51 Guard Tower
08:07 Workshop
08:21 Workshop
08:26 Workshop
09:57 Scout Tower
09:58 Scout Tower
10:02 Scout Tower
10:05 Scout Tower
10:07 Lumber Mill
10:10 Scout Tower
10:12 Scout Tower
13:43 Town Hall
15:59 Lumber Mill
16:08 Farm
17:52 Farm
18:04 Altar of Kings
18:36 Farm
18:47 Scout Tower
18:49 Scout Tower
18:53 Scout Tower
19:03 Farm
» items
| Lesser Clarity Potion | 2 | |
| Scroll of Regeneration | 1 | |
3 total
PonceDeLeon (
green | 68 APM | 3437 actions | 50:21)
9 Blademaster
3 Wind Walk
3 Critical Strike
1 Bladestorm
2 Mirror Image
1 Mountain King
1 Thunder Clap
» actions
| Assign group hotkey | 53 | |
| Basic commands | 134 | |
| Build / train | 99 | |
| Enter build submenu | 48 | |
| Enter hero's abilities submenu | 10 | |
| Give item / drop item | 8 | |
| Remove unit from queue | 1 | |
| Right click | 1418 | |
| Select / deselect | 483 | |
| Select group hotkey | 979 | |
| Use ability | 204 | |
3437 total
» units
| Peon | 8 | |
| Grunt | 4 | |
| Goblin Shredder | 1 | |
| Troll Batrider | 10 | |
| Goblin Sapper | 6 | |
| Goblin Zeppelin | 2 | |
| Raider | 3 | |
| Wind Rider | 4 | |
38 total
» upgrades
| Troll Regeneration | 1 | |
| Reinforced Defenses | 1 | |
| Liquid Fire | 1 | |
| Ranged Weapons | 3 | |
| Armor | 4 | |
| Envenomed Spears | 1 | |
| Pillage | 1 | |
| Ensnare | 1 | |
| Melee Weapons | 3 | |
| Spiked Barricades | 3 | |
19 total
» buildings
| Orc Burrow | 8 | |
| Altar of Storms | 1 | |
| Barracks | 1 | |
| Voodoo Lounge | 1 | |
| Stronghold | 1 | |
| Great Hall | 3 | |
| War Mill | 2 | |
| Fortress | 1 | |
| Beastiary | 4 | |
| Watch Tower | 40 | |
62 total
» build order
00:12 Orc Burrow
01:05 Altar of Storms
01:06 Barracks
01:13 Orc Burrow
01:52 Voodoo Lounge
02:53 Stronghold
03:53 Orc Burrow
04:23 Great Hall
05:19 War Mill
06:27 Fortress
09:10 Beastiary
09:10 Beastiary
09:11 Beastiary
09:12 Beastiary
09:47 Orc Burrow
10:08 Orc Burrow
11:58 Watch Tower
11:59 Watch Tower
12:00 Watch Tower
12:00 Watch Tower
12:02 Watch Tower
13:21 Watch Tower
13:21 Watch Tower
13:22 Watch Tower
13:22 Watch Tower
13:22 Watch Tower
13:24 Watch Tower
13:24 Watch Tower
13:25 Watch Tower
13:25 Watch Tower
13:35 War Mill
25:10 Orc Burrow
25:13 Orc Burrow
25:15 Orc Burrow
25:45 Watch Tower
25:45 Watch Tower
25:46 Watch Tower
25:47 Watch Tower
25:47 Watch Tower
25:48 Watch Tower
31:37 Great Hall
31:40 Watch Tower
31:40 Watch Tower
31:41 Watch Tower
31:42 Watch Tower
32:20 Watch Tower
32:21 Watch Tower
37:58 Great Hall
38:33 Watch Tower
38:34 Watch Tower
38:37 Watch Tower
38:38 Watch Tower
38:38 Watch Tower
38:39 Watch Tower
38:40 Watch Tower
38:41 Watch Tower
38:41 Watch Tower
» items
| Healing Salve | 5 | |
| Lesser Clarity Potion | 3 | |
| Scroll of Town Portal | 5 | |
| Potion of Healing | 6 | |
| Potion of Mana | 2 | |
| Orb of Lightning | 1 | |
| Periapt of Vitality | 2 | |
| Potion of Lesser Invulnerability | 1 | |
| Book of the Dead | 1 | |
| Staff of Teleportation | 1 | |
| Orb of Corruption | 1 | |
28 total
OneMoreTimeBaby (
red | 84 APM | 4223 actions | 50:21)
6 Death Knight
3 Death Coil
3 Unholy Aura
5 Lich
3 Frost Nova
2 Frost Armor
4 Blademaster
2 Wind Walk
2 Critical Strike
1 Mountain King
1 Thunder Clap
1 Paladin
1 Devotion Aura
» actions
| Assign group hotkey | 55 | |
| Basic commands | 83 | |
| Build / train | 181 | |
| ESC pressed | 7 | |
| Enter build submenu | 60 | |
| Enter hero's abilities submenu | 18 | |
| Give item / drop item | 16 | |
| Remove unit from queue | 7 | |
| Right click | 1813 | |
| Select / deselect | 641 | |
| Select group hotkey | 1149 | |
| Use ability | 193 | |
4223 total
» units
| Acolyte | 14 | |
| Ghoul | 2 | |
| Crypt Fiend | 7 | |
| Goblin Shredder | 5 | |
| Obsidian Statue | 2 | |
| Abomination | 4 | |
| Banshee | 8 | |
| Wind Rider | 4 | |
46 total
» upgrades
| Creature Attack | 3 | |
| Web | 1 | |
| Burrow | 1 | |
| Disease Cloud | 1 | |
| Destroyer Form | 2 | |
| Creature Carapace | 3 | |
| Banshee Training | 2 | |
| Unholy Armor | 3 | |
| Unholy Strength | 3 | |
| Pillage | 0 | |
| Armor | 3 | |
| Ranged Weapons | 3 | |
| Envenomed Spears | 1 | |
| Reinforced Defenses | 1 | |
27 total
» buildings
| Graveyard | 1 | |
| Crypt | 3 | |
| Altar of Darkness | 1 | |
| Ziggurat | 12 | |
| Tomb of Relics | 2 | |
| Halls of the Dead | 3 | |
| Necropolis | 4 | |
| Nerubian Tower | 14 | |
| Spirit Tower | 16 | |
| Black Citadel | 3 | |
| Slaughterhouse | 2 | |
| Sacrificial Pit | 2 | |
| Temple of the Damned | 2 | |
| Great Hall | 1 | |
| Orc Burrow | 3 | |
| Stronghold | 3 | |
| War Mill | 1 | |
| Altar of Storms | 1 | |
| Watch Tower | 2 | |
| Fortress | 4 | |
| Beastiary | 4 | |
84 total
» build order
00:09 Graveyard
00:18 Crypt
00:40 Altar of Darkness
01:07 Ziggurat
01:37 Tomb of Relics
02:40 Ziggurat
03:59 Ziggurat
04:52 Halls of the Dead
04:52 Halls of the Dead
04:52 Halls of the Dead
05:11 Necropolis
06:31 Nerubian Tower
07:42 Nerubian Tower
07:43 Nerubian Tower
07:43 Nerubian Tower
07:47 Ziggurat
07:49 Ziggurat
08:54 Spirit Tower
09:10 Black Citadel
09:10 Black Citadel
09:22 Ziggurat
09:25 Ziggurat
09:26 Slaughterhouse
10:15 Spirit Tower
10:16 Spirit Tower
10:43 Spirit Tower
10:43 Spirit Tower
10:43 Spirit Tower
10:47 Ziggurat
10:50 Ziggurat
11:49 Slaughterhouse
11:55 Sacrificial Pit
11:59 Crypt
12:02 Crypt
12:05 Sacrificial Pit
12:07 Nerubian Tower
12:07 Nerubian Tower
12:08 Nerubian Tower
12:47 Spirit Tower
12:47 Spirit Tower
12:47 Spirit Tower
14:49 Tomb of Relics
15:40 Ziggurat
15:42 Ziggurat
15:44 Ziggurat
15:48 Temple of the Damned
15:51 Temple of the Damned
16:47 Nerubian Tower
16:47 Spirit Tower
16:49 Spirit Tower
16:51 Nerubian Tower
16:51 Nerubian Tower
16:51 Spirit Tower
16:52 Spirit Tower
21:39 Necropolis
22:42 Great Hall
22:47 Orc Burrow
23:43 Orc Burrow
27:21 Stronghold
27:21 Stronghold
27:22 Orc Burrow
27:25 War Mill
28:03 Necropolis
30:17 Altar of Storms
30:21 Watch Tower
30:23 Watch Tower
31:13 Necropolis
31:24 Fortress
31:24 Fortress
31:29 Beastiary
31:43 Beastiary
31:49 Beastiary
31:51 Beastiary
» items
| Rod of Necromancy | 3 | |
| Sacrificial Skull | 2 | |
| Claws of Attack +6 | 2 | |
| Gloves of Haste | 2 | |
| Wand of Illusion | 1 | |
| Mana Stone | 2 | |
| Scroll of Town Portal | 2 | |
| Orb of Corruption | 1 | |
| Ring of Regeneration | 2 | |
| Potion of Healing | 2 | |
| Claws of Attack +9 | 1 | |
| Health Stone | 1 | |
21 total

»
ihavebighead (
pink | 88 APM | 3261 actions | 36:52)
7 Mountain King
3 Storm Bolt
3 Bash
1 Avatar
7 Paladin
3 Holy Light
3 Divine Shield
1 Resurrection
» actions
| Assign group hotkey | 61 | |
| Basic commands | 4 | |
| Build / train | 112 | |
| Enter build submenu | 30 | |
| Enter hero's abilities submenu | 14 | |
| Give item / drop item | 2 | |
| Remove unit from queue | 7 | |
| Right click | 1180 | |
| Select / deselect | 399 | |
| Select group hotkey | 1335 | |
| Use ability | 117 | |
3261 total
» units
| Peasant | 21 | |
| Footman | 6 | |
| Gryphon Rider | 16 | |
| Dragonhawk Rider | 2 | |
45 total
» upgrades
| Lumber Harvesting | 2 | |
| Backpack | 0 | |
| Masonry | 2 | |
| Swords | 3 | |
| Armor | 3 | |
| Storm Hammers | 1 | |
| Cloud | 1 | |
| Gunpowder | 3 | |
| Priest Training | 2 | |
| Long Rifles | 1 | |
18 total
» buildings
| Altar of Kings | 1 | |
| Farm | 13 | |
| Barracks | 3 | |
| Keep | 1 | |
| Lumber Mill | 1 | |
| Arcane Vault | 1 | |
| Town Hall | 3 | |
| Scout Tower | 2 | |
| Guard Tower | 3 | |
| Castle | 1 | |
| Blacksmith | 1 | |
| Gryphon Aviary | 3 | |
| Arcane Sanctum | 2 | |
35 total
» build order
00:17 Altar of Kings
00:22 Farm
00:57 Farm
01:24 Barracks
01:34 Farm
03:09 Keep
03:19 Lumber Mill
03:28 Arcane Vault
04:06 Town Hall
04:10 Scout Tower
04:11 Scout Tower
04:42 Guard Tower
04:47 Guard Tower
05:52 Castle
06:07 Farm
06:27 Blacksmith
06:48 Farm
07:26 Farm
08:06 Farm
08:11 Gryphon Aviary
08:14 Gryphon Aviary
08:16 Gryphon Aviary
08:46 Farm
09:11 Farm
09:54 Farm
10:33 Farm
11:21 Farm
12:01 Farm
14:18 Arcane Sanctum
14:20 Arcane Sanctum
15:54 Barracks
19:09 Town Hall
21:56 Barracks
26:58 Town Hall
» items
| Scroll of Regeneration | 5 | |
| Potion of Mana | 1 | |
| Potion of Lesser Invulnerability | 2 | |
| Boots of Speed | 2 | |
| Scroll of Town Portal | 5 | |
| Scroll of Healing | 6 | |
21 total
team 2 (winner)
747576 (
orange | 88 APM | 2413 actions | 27:28)
5 Blademaster
3 Critical Strike
1 Wind Walk
1 Mirror Image
» actions
| Assign group hotkey | 63 | |
| Basic commands | 7 | |
| Build / train | 96 | |
| ESC pressed | 2 | |
| Enter build submenu | 27 | |
| Enter hero's abilities submenu | 5 | |
| Give item / drop item | 2 | |
| Remove unit from queue | 5 | |
| Right click | 981 | |
| Select / deselect | 386 | |
| Select group hotkey | 665 | |
| Use ability | 174 | |
2413 total
» units
| Peon | 14 | |
| Grunt | 2 | |
| Troll Headhunter/Berserker | 26 | |
| Shaman | 5 | |
| Troll Witch Doctor | 5 | |
| Goblin Shredder | 1 | |
| Tauren | 2 | |
55 total
» upgrades
| Ranged Weapons | 2 | |
| Melee Weapons | 2 | |
| Armor | 2 | |
| Troll Regeneration | 1 | |
| Witch Doctor Training | 2 | |
| Shaman Training | 2 | |
| Reinforced Defenses | 1 | |
| Berserker Upgrade | 1 | |
| Pulverize | 1 | |
14 total
» buildings
| Orc Burrow | 7 | |
| Altar of Storms | 1 | |
| Barracks | 1 | |
| Voodoo Lounge | 1 | |
| War Mill | 1 | |
| Stronghold | 2 | |
| Spirit Lodge | 2 | |
| Fortress | 2 | |
| Tauren Totem | 1 | |
| Watch Tower | 9 | |
27 total
» build order
00:09 Orc Burrow
00:12 Altar of Storms
00:21 Barracks
01:18 Voodoo Lounge
02:08 Orc Burrow
02:41 War Mill
03:34 Orc Burrow
04:17 Stronghold
04:17 Stronghold
06:17 Orc Burrow
06:43 Spirit Lodge
06:55 Spirit Lodge
07:35 Fortress
09:55 Orc Burrow
10:15 Tauren Totem
13:11 Watch Tower
13:37 Watch Tower
13:58 Watch Tower
14:03 Watch Tower
16:59 Watch Tower
17:01 Watch Tower
19:13 Watch Tower
19:19 Watch Tower
20:01 Watch Tower
21:32 Orc Burrow
22:08 Orc Burrow
» items
| Healing Salve | 3 | |
| Scroll of Speed | 2 | |
| Claws of Attack +6 | 1 | |
| Scroll of Town Portal | 3 | |
| Potion of Healing | 2 | |
| Orb of Lightning | 1 | |
12 total

»
Derelik (
teal | 50 APM | 2520 actions | 50:21)
5 Archmage
3 Summon Water Elemental
2 Brilliance Aura
» actions
| Assign group hotkey | 47 | |
| Basic commands | 40 | |
| Build / train | 78 | |
| ESC pressed | 6 | |
| Enter build submenu | 22 | |
| Enter hero's abilities submenu | 5 | |
| Give item / drop item | 2 | |
| Right click | 966 | |
| Select / deselect | 424 | |
| Select group hotkey | 840 | |
| Use ability | 90 | |
2520 total
» units
| Peasant | 7 | |
| Footman | 5 | |
| Knight | 4 | |
| Sorceress | 5 | |
| Priest | 2 | |
| Spell Breaker | 1 | |
| Rifleman | 12 | |
| Shaman | 3 | |
| Troll Headhunter/Berserker | 1 | |
40 total
» upgrades
| Lumber Harvesting | 2 | |
| Defend | 1 | |
| Animal War Training | 1 | |
| Sorceress Training | 2 | |
| Priest Training | 2 | |
| Swords | 1 | |
| Plating | 1 | |
| Control Magic | 1 | |
| Masonry | 1 | |
12 total
» buildings
| Altar of Kings | 1 | |
| Barracks | 1 | |
| Farm | 9 | |
| Keep | 2 | |
| Lumber Mill | 1 | |
| Arcane Vault | 1 | |
| Blacksmith | 1 | |
| Arcane Sanctum | 2 | |
| Castle | 2 | |
| Scout Tower | 6 | |
| Guard Tower | 6 | |
32 total
» build order
00:09 Altar of Kings
00:23 Barracks
00:38 Farm
01:29 Farm
02:02 Farm
02:41 Farm
03:04 Keep
03:34 Lumber Mill
04:21 Arcane Vault
04:33 Blacksmith
05:31 Arcane Sanctum
05:33 Castle
06:17 Arcane Sanctum
07:07 Farm
08:07 Farm
08:51 Farm
10:00 Farm
10:40 Farm
11:35 Scout Tower
11:38 Scout Tower
11:53 Scout Tower
12:25 Guard Tower
12:32 Scout Tower
12:35 Guard Tower
14:48 Guard Tower
14:48 Guard Tower
14:57 Scout Tower
15:01 Scout Tower
15:32 Guard Tower
» items
| Scroll of Regeneration | 1 | |
| Potion of Healing | 1 | |
2 total
CAPTAINPLANET. (
yellow | 74 APM | 3707 actions | 50:22)
7 Blademaster
3 Wind Walk
3 Critical Strike
1 Bladestorm
4 Shadow Hunter
2 Hex
2 Healing Wave
» actions
| Assign group hotkey | 39 | |
| Basic commands | 5 | |
| Build / train | 120 | |
| Enter build submenu | 28 | |
| Enter hero's abilities submenu | 11 | |
| Give item / drop item | 6 | |
| Remove unit from queue | 15 | |
| Right click | 1783 | |
| Select / deselect | 416 | |
| Select group hotkey | 1041 | |
| Use ability | 243 | |
3707 total
» units
| Peon | 32 | |
| Goblin Shredder | 2 | |
| Wind Rider | 9 | |
| Goblin Sapper | 3 | |
| Troll Batrider | 5 | |
| Kodo Beast | 5 | |
56 total
» upgrades
| Reinforced Defenses | 1 | |
| Envenomed Spears | 1 | |
| Ranged Weapons | 2 | |
| Armor | 2 | |
| Liquid Fire | 1 | |
7 total
» buildings
| Altar of Storms | 1 | |
| Orc Burrow | 7 | |
| War Mill | 1 | |
| Voodoo Lounge | 1 | |
| Watch Tower | 18 | |
| Stronghold | 2 | |
| Fortress | 2 | |
| Great Hall | 4 | |
| Beastiary | 3 | |
39 total
» build order
00:06 Altar of Storms
00:19 Orc Burrow
00:39 War Mill
01:07 Voodoo Lounge
01:52 Watch Tower
02:06 Orc Burrow
02:34 Watch Tower
03:30 Stronghold
03:30 Stronghold
03:45 Watch Tower
04:06 Orc Burrow
06:26 Fortress
06:58 Great Hall
07:01 Watch Tower
07:01 Watch Tower
07:10 Great Hall
07:20 Beastiary
08:26 Beastiary
09:01 Watch Tower
09:01 Watch Tower
12:20 Great Hall
13:07 Beastiary
13:59 Watch Tower
14:00 Watch Tower
14:00 Watch Tower
14:01 Watch Tower
16:15 Orc Burrow
16:51 Watch Tower
16:51 Watch Tower
16:52 Watch Tower
20:19 Orc Burrow
21:06 Orc Burrow
22:51 Watch Tower
22:52 Watch Tower
22:52 Watch Tower
22:55 Watch Tower
26:11 Great Hall
45:54 Orc Burrow
» items
| Healing Salve | 4 | |
| Lesser Clarity Potion | 3 | |
| Tiny Great Hall | 2 | |
| Staff of Teleportation | 2 | |
| Orb of Lightning | 1 | |
| Scroll of Town Portal | 6 | |
| Potion of Lesser Invulnerability | 2 | |
| Boots of Speed | 1 | |
| Scroll of Healing | 1 | |
22 total

»
boredasfuq (
blue | 27 APM | 512 actions | 18:53)
3 Blademaster
1 Wind Walk
2 Critical Strike
1 Tauren Chieftain
1 Endurance Aura
» actions
| Basic commands | 6 | |
| Build / train | 59 | |
| Enter build submenu | 14 | |
| Enter hero's abilities submenu | 4 | |
| Right click | 182 | |
| Select / deselect | 217 | |
| Use ability | 30 | |
512 total
» units
| Peon | 8 | |
| Troll Headhunter/Berserker | 17 | |
| Shaman | 9 | |
| Troll Witch Doctor | 3 | |
37 total
» upgrades
| Shaman Training | 2 | |
| Berserker Upgrade | 1 | |
| Ranged Weapons | 3 | |
| Armor | 2 | |
| Witch Doctor Training | 2 | |
| Troll Regeneration | 1 | |
11 total
» buildings
| Orc Burrow | 6 | |
| Altar of Storms | 1 | |
| Barracks | 1 | |
| War Mill | 1 | |
| Stronghold | 4 | |
| Voodoo Lounge | 1 | |
| Spirit Lodge | 2 | |
| Fortress | 1 | |
17 total
» build order
00:09 Orc Burrow
00:16 Altar of Storms
00:53 Barracks
01:24 War Mill
02:46 Stronghold
02:47 Stronghold
02:47 Stronghold
03:03 Orc Burrow
03:25 Voodoo Lounge
03:58 Orc Burrow
04:46 Orc Burrow
05:10 Spirit Lodge
05:16 Spirit Lodge
06:11 Fortress
06:14 Orc Burrow
09:43 Orc Burrow
Chat log
(00:45 / Allies) 747576: hi
(00:49 / Allies) Derelik: yo
(00:57 / Allies) 747576: 3orc
(01:01 / Allies) 747576: hh doc sharm here
(01:03 / Allies) 747576: ok?
(01:03 / Allies) Derelik: someone get bloodlust
(01:07 / Allies) boredasfuq: hh wyvern to start i guess
(01:09 / Allies) Derelik: best spell in game
(01:13 / Allies) CAPTAINPLANET.: wyvern
(01:23 / Allies) Derelik: ill get knights and casters
(01:35 / Allies) 747576: we need more aa
(01:41 / Allies) CAPTAINPLANET.: wyvern.......
(01:47 / Allies) boredasfuq: hh wyvern shaman than
(01:51 / Allies) 747576: k
(02:12 / Allies) CAPTAINPLANET.: we dont need 3 freaking wyverns
(03:01 / All) CAPTAINPLANET.: truce purp?
(03:22 / All) PonceDeLeon: CHERRY LIPS CRYSTAL SKIES
(03:28 / All) PonceDeLeon: I COULD SHOW YOU INCREDIBLE THINGS
(03:33 / All) PonceDeLeon: STOLEN KISSES PRETTY LIES
(03:40 / All) PonceDeLeon: YOURE THE KING BABY IM UR QUEEN
(04:39 / All) CAPTAINPLANET.: really purp
(05:33 / Allies) CAPTAINPLANET.: COME HERE
(05:34 / Allies) CAPTAINPLANET.: now
(05:35 / Allies) CAPTAINPLANET.: faggots
(05:36 / Allies) CAPTAINPLANET.: or im tking
(05:43 / Allies) Derelik: ?
(05:51 / Allies) CAPTAINPLANET.: purple is expoing right near me
(05:55 / Allies) Derelik: ight coming
(06:23 / Allies) Derelik: lumber plz
(06:41 / Allies) Derelik: dont kill those
(06:42 / Allies) Derelik: kill towers
(06:52 / Allies) Derelik: good shit
(06:52 / All) CAPTAINPLANET.: faggot purple
(06:53 / All) CAPTAINPLANET.: fuck urself
(07:02 / Allies) Derelik: hit
(07:07 / All) ahah: mad bro
(08:41 / All) ahah: thx ally
(08:46 / Allies) 747576: pink get birds
(08:53 / All) OneMoreTimeBaby: you suck and are a whiny bitch lol
(08:58 / All) ahah: 4vs1
(09:10 / All) CAPTAINPLANET.: purp got raped
(09:13 / All) CAPTAINPLANET.: this is 4s be a man
(09:17 / All) ahah: yep 4vs1
(09:23 / All) CAPTAINPLANET.: i told u truce man
(09:25 / All) CAPTAINPLANET.: u shoulda listened
(09:44 / All) ahah: dont kill me i bs my team
(10:31 / All) ahah: Ya
(10:47 / All) CAPTAINPLANET.: quit ur crying u had ur chance to be spared
(10:50 / All) CAPTAINPLANET.: u tried to takemy expo
(10:51 / All) CAPTAINPLANET.: u died
(10:53 / All) CAPTAINPLANET.: its fair
(10:59 / All) ahah: i tell red to help me
(11:02 / All) ahah: no body help me to expo
(11:04 / All) ahah: so gg
(11:26 / All) ahah: pink and green geting mass air
(11:29 / All) ahah: need bat yellow
(11:30 / All) PonceDeLeon: lol
(11:34 / All) OneMoreTimeBaby: retard
(11:34 / All) CAPTAINPLANET.: leave purple
(11:36 / All) CAPTAINPLANET.: ur out of game
(11:42 / All) ahah: no thx
(11:45 / All) PonceDeLeon: he's trying to bs the only one that helped him
(12:04 / All) ahah: Red have 2 k gold
(12:07 / All) PonceDeLeon: no good deed goes unpunished
(12:10 / All) ahah: green too
(13:01 / Allies) Derelik: legogo
(13:13 / All) ahah: no help red
(13:15 / All) ahah: u suck
(13:27 / All) ahah: with ur 5 fiend
(13:36 / All) ahah: focus hero pink
(13:56 / All) Derelik: wtfffff?
(13:57 / All) Derelik: glich?
(14:00 / All) Derelik: how did my hero die?
(14:19 / All) Derelik: bruh thats the skechiest shit ive seen
(14:27 / All) OneMoreTimeBaby: no move hack?
(14:27 / All) Derelik: i fuckin tped and he got killed while tping
(14:39 / Allies) 747576: wood plz
(16:42 / Allies) Derelik: where the wyvs?
(17:02 / Allies) Derelik: YELLOW
(17:04 / All) PonceDeLeon: *5
(17:10 / All) PonceDeLeon: becasue I been waiting around for dumbfuck allies
(17:12 / All) CAPTAINPLANET.: lawl
(17:16 / All) PonceDeLeon: and blue picks totally different base I been pinging
(17:20 / Allies) Derelik: fuckin clown
(17:35 / All) OneMoreTimeBaby: our team is retard purp and gryphonbot pink lawl
(17:40 / Allies) Derelik: tp here when they come
(18:07 / All) boredasfuq: where's the wyverns he says... like that would have made a difference
(18:12 / All) CAPTAINPLANET.: lol
(18:14 / Allies) Derelik: oragne
(18:15 / Allies) Derelik: get aa
(18:16 / Allies) Derelik: now
(18:23 / Allies) 747576: need more gold
(18:28 / All) ahah: fail green
(18:28 / All) boredasfuq: where the fucks the wyverns??? uhhh
(18:30 / Allies) 747576: i was attacked
(18:47 / All) boredasfuq: gg
(19:36 / Allies) 747576: give me gold
(19:42 / Allies) Derelik: get mass aa
(19:48 / All) ahah: out yellow
(19:49 / All) ahah: u suck
(19:59 / All) OneMoreTimeBaby: send a peon to my base
(20:01 / All) OneMoreTimeBaby: so I can get orc units
(20:38 / All) OneMoreTimeBaby: send a few peons to my base
(20:40 / All) OneMoreTimeBaby: to possess
(20:50 / Allies) Derelik: oj lets hit together
(21:13 / All) OneMoreTimeBaby: Send me a few peons I said
(21:23 / Allies) Derelik: stop getting tauren
(21:24 / Allies) Derelik: dude
(21:29 / Allies) Derelik: the gryphs are wining the game
(21:36 / Allies) Derelik: so frustrating
(22:14 / All) ahah: buy a boot green
(22:17 / All) ahah: learn to play
(22:18 / Allies) Derelik: you should get wyvern
(22:26 / All) ahah: go again
(22:28 / All) PonceDeLeon: don't need
(22:32 / Allies) Derelik: bro
(22:34 / All) ahah: god u noob
(22:39 / All) ahah: Lol
(22:51 / All) ahah: no thx
(22:57 / All) PonceDeLeon: you're not getting a win
(23:03 / All) OneMoreTimeBaby: you need tier 2 orc hall for 2nd hero and tier 3 hall for 3rd hero which sucks
(23:06 / All) OneMoreTimeBaby: I have black citadel, undead t3
(23:09 / All) CAPTAINPLANET.: ur sad purple
(23:11 / All) OneMoreTimeBaby: but I need orc t3 for a blademaster
(23:12 / All) CAPTAINPLANET.: ur not even in this game
(23:18 / All) ahah: ahah
(23:21 / All) ahah: bs team
(23:44 / All) ahah: god pink suck
(23:47 / All) ahah: lol
(23:53 / All) ahah: use batÃ
(23:58 / All) ahah: use bat idiot noob
(24:03 / All) ahah: lol
(24:06 / All) ahah: big fail
(24:24 / All) ahah: Red he suck hard
(24:34 / All) ahah: Green no explose bat
(24:35 / All) OneMoreTimeBaby: fucking gay dk hero focus
(24:36 / All) ahah: good team
(24:41 / All) OneMoreTimeBaby: undead is too fucking reliant on dk
(24:43 / All) Derelik: they being mean
(25:02 / All) ahah: only pink is ok but he noob
(25:14 / Allies) Derelik: tp
(25:17 / Allies) Derelik: actually nvm
(25:20 / Allies) Derelik: you have so much fucking gold
(25:23 / Allies) Derelik: share a little with oj yellow
(26:04 / All) ahah: bak red lol
(26:06 / All) ahah: learn to play
(26:15 / All) ahah: ahaha
(26:22 / All) ahah: ahah
(26:29 / All) ahah: ahah
(26:31 / All) ahah: comon yellow
(26:34 / Allies) Derelik: thanks yellow
(26:39 / All) OneMoreTimeBaby: raped lawl
(26:40 / All) ahah: with ur 3 expo
(26:46 / All) CAPTAINPLANET.: teal gets pissed at me lol; i didnt even have units
(26:55 / Allies) Derelik: i will fuckin butt rape you boy
(26:59 / All) ahah: u have noting too
(27:10 / Allies) Derelik: you literally made all the wrong choices
(27:37 / All) ahah: so thx for the win guys
(27:39 / All) ahah: i leave
(27:40 / All) ahah: gg
(28:12 / All) PonceDeLeon: lawl
(28:17 / All) PonceDeLeon: does he think he gets win if he leaves
(28:24 / All) PonceDeLeon: or is it a moral victory
(29:57 / All) OneMoreTimeBaby: raped lol
(30:02 / All) Derelik: LOL
(30:05 / All) Derelik: LAUGHING OUT LOUD
(30:10 / All) OneMoreTimeBaby: sure am
(30:46 / All) OneMoreTimeBaby: I'm gonna get a blademaster but have nothing to use it on
(31:37 / All) OneMoreTimeBaby: it's funny it says SUMMONG IS COMPLETE in the acolyte voice
(31:39 / All) OneMoreTimeBaby: when I make orc shit
(31:44 / Allies) Derelik: stop killing farms retard
(31:51 / All) CAPTAINPLANET.: teal is giving me "advice"
(32:06 / All) ihavebighead: of course u need
(32:08 / All) ihavebighead: ur a noob
(32:10 / All) PonceDeLeon: naughty girl
(32:28 / All) CAPTAINPLANET.: always funny i rape players like pink and they still talkshit
(32:37 / All) ihavebighead: how fun
(32:43 / All) PonceDeLeon: I was the only one that tried to help purple
(32:47 / All) PonceDeLeon: then he said it was "4v1"
(32:49 / All) PonceDeLeon: it was 3v2
(32:50 / Allies) Derelik: move the shredder into the towers
(32:51 / All) CAPTAINPLANET.: just like that
(32:52 / All) CAPTAINPLANET.: noob
(32:53 / Allies) Derelik: they will follow
(32:55 / All) ihavebighead: ur stuggle
(32:55 / All) CAPTAINPLANET.: u got raped lolz
(33:06 / All) PonceDeLeon: then he started spying on me
(33:13 / All) PonceDeLeon: selling out my secrets to the enemy
(33:16 / All) PonceDeLeon: fucking disgrace
(33:24 / All) ihavebighead: rap ur dick
(33:26 / All) ihavebighead: noob
(33:26 / All) PonceDeLeon: my grunts were injured when I tped
(33:33 / All) ihavebighead: ur hero
(33:35 / All) ihavebighead: exp feeder
(33:40 / All) PonceDeLeon: also I don't think he even militiated
(33:44 / All) OneMoreTimeBaby: like my orc shit yellow?
(33:50 / All) OneMoreTimeBaby: making a blademaster and wyverns woot
(34:30 / All) ihavebighead: so many tp
(34:47 / All) OneMoreTimeBaby: I got a blademaster
(34:49 / All) OneMoreTimeBaby: as undead
(35:25 / All) CAPTAINPLANET.: i have raped u all game pink lol
(35:27 / All) CAPTAINPLANET.: just like purple
(35:36 / All) ihavebighead: yea
(35:41 / All) CAPTAINPLANET.: dont bring up tking
(35:43 / All) ihavebighead: u feed my hero pretty well
(35:44 / All) CAPTAINPLANET.: i tked my allies
(35:53 / All) Derelik: he really did tk
(35:55 / All) PonceDeLeon: tavern
(36:09 / All) OneMoreTimeBaby: I have perfect bm items too
(36:18 / All) OneMoreTimeBaby: and no one to use it on with dk/lich
(36:25 / All) OneMoreTimeBaby: gloves of haste, 3 claws +6, pendant of energy, ring of regen
(36:37 / All) ihavebighead: sad
(36:46 / All) ihavebighead: noob green help noob yellow
(36:50 / All) ihavebighead: u know each other
(36:52 / All) CAPTAINPLANET.: raped pink all game lolz
(36:59 / All) PonceDeLeon: lkawl
(37:13 / All) CAPTAINPLANET.: onto teal now
(37:36 / All) CAPTAINPLANET.: teal said he was gonna rape me earlier
(38:05 / All) PonceDeLeon: Cherry lips, crystal skies
(38:09 / All) PonceDeLeon: I can show you incredible things
(38:15 / All) PonceDeLeon: Stolen kisses pretty lies
(38:20 / All) CAPTAINPLANET.: i gave control to teal
(38:26 / All) OneMoreTimeBaby: +21 bm
(38:32 / All) OneMoreTimeBaby: with gloves of haste, pendant of energy and ring of regen
(38:36 / Allies) Derelik: build some units cuz
(38:48 / All) OneMoreTimeBaby: I have wyverns with undead army lol
(38:58 / All) OneMoreTimeBaby: looks ridiculous
(38:58 / Allies) Derelik: ill take kodos
(39:18 / All) OneMoreTimeBaby: level 3 now
(39:42 / All) OneMoreTimeBaby: duel my army vs yours jake?
(39:47 / Allies) Derelik: hey jake
(39:49 / All) CAPTAINPLANET.: its teals army now but yea
(39:50 / All) Derelik: how are you jake
(39:52 / All) CAPTAINPLANET.: teal is calling me jake lol
(40:11 / All) Derelik: alright im not gonna ply into your games anymore
(40:14 / All) Derelik: im done controlling
(41:00 / All) CAPTAINPLANET.: yo
(41:10 / All) CAPTAINPLANET.: possess a kodo that has eaten a unit
(42:26 / All) CAPTAINPLANET.: lawl
(42:27 / All) OneMoreTimeBaby: lawl
(42:32 / All) CAPTAINPLANET.: imba
(42:34 / All) OneMoreTimeBaby: the eaten unit leaves
(42:35 / All) OneMoreTimeBaby: the stomach
(42:54 / All) CAPTAINPLANET.: teal is not happy
(42:56 / All) CAPTAINPLANET.: i think
(43:09 / All) CAPTAINPLANET.: teal why did usay u would rape me
(43:27 / All) CAPTAINPLANET.: teal should at least give me credit for beating pink
(43:36 / All) OneMoreTimeBaby: this army of mine is hilarious
(43:46 / All) OneMoreTimeBaby: fiend statue abom kodo wyvern
(43:49 / All) OneMoreTimeBaby: dk/lich/blademaster lawl
(44:00 / All) CAPTAINPLANET.: we didnt even scout that u made ur orc hall where u possessed my peons
(47:26 / All) PonceDeLeon: trying to fight a badass motherfucker like Akinos
(47:26 / All) PonceDeLeon: heh
(47:31 / All) PonceDeLeon: What a fool
(47:52 / All) CAPTAINPLANET.: it seems teal wont leave
(49:34 / All) CAPTAINPLANET.: imba
(49:43 / All) CAPTAINPLANET.: end it i guess
(49:54 / All) PonceDeLeon: gg teal
(49:57 / All) PonceDeLeon: you were not a worthy opponent
(50:02 / All) CAPTAINPLANET.: lol
(50:12 / All) CAPTAINPLANET.: partipcation award for teal